NCAA
ALABAMA CRIMSON TIDE @ PENN STATE NITTANY LIONS
05/13/2024
 
TOP OF THE 1ST
Alabama Crimson Tide batting - Pitching for Penn State Nittany Lions : RHP Derrick Reynolds
Pitching: RHP Derrick Reynolds
Batting: SHB Jorge Dávila 0-0: Called Strike
0-1: Swinging Strike
0-2: Ball
1-2: Strikes out swinging
Batting: RHB Eddie Howell 0-0: DOUBLE (Flyball, 8LXD)
Batting: LHB Mike Godfrey 0-0: Fly out, F8 (Flyball, 8LD)
Runner from 2nd tags up, SAFE at 3rd, no throw
Batting: LHB Davey Davis 0-0: Ball
1-0: Called Strike
1-1: Reached on Error, E9 (Flyball, 9M)
Eddie Howell scores
Batting: RHB Bob Johnson 0-0: SINGLE (Line Drive, 89S)
Davey Davis to third
Runner from 3rd tries for Home, SAFE, no throw or cutoff
Batting: RHB Rob Mapp 0-0: Ball
1-0: Ball
2-0: Called Strike
2-1: Fielders Choice at 2nd, U4 (Groundball, 4M)
Top of the 1st over - 2 run(s), 2 hit(s), 1 error(s), 1 left on base; Alabama 2 - Penn State 0
BOTTOM OF THE 1ST
Penn State Nittany Lions batting - Pitching for Alabama Crimson Tide : RHP Brad Small
Pitching: RHP Brad Small
Batting: LHB Andrew Russell 0-0: Ground out 3-1 (Groundball, 34S)
Batting: RHB Bob Cole 0-0: Called Strike
0-1: Fly out, F9 (Flyball, 9M)
Batting: RHB Tom Gordon 0-0: Swinging Strike
0-1: Fly out, F9 (Flyball, 9M)
Bottom of the 1st over - 0 run(s), 0 hit(s), 0 error(s), 0 left on base; Alabama 2 - Penn State 0
TOP OF THE 2ND
Alabama Crimson Tide batting - Pitching for Penn State Nittany Lions : RHP Derrick Reynolds
Batting: RHB Andrew O'Dell 0-0: Swinging Strike
0-1: Swinging Strike
0-2: Foul Ball, location: 2F
0-2: Ball
1-2: Ball
2-2: Strikes out swinging
Batting: LHB Jorge Cuero 0-0: Ground out 1-3 (Groundball, 13)
Batting: LHB Fred Abrams 0-0: DOUBLE (Groundball, 3D)
Batting: SHB Jorge Dávila 0-0: Ball
1-0: Fly out, F8 (Flyball, 8LXD)
Top of the 2nd over - 0 run(s), 1 hit(s), 0 error(s), 1 left on base; Alabama 2 - Penn State 0
BOTTOM OF THE 2ND
Penn State Nittany Lions batting - Pitching for Alabama Crimson Tide : RHP Brad Small
Batting: RHB Randy Jacobs 0-0: Fly out, F8 (Flyball, 89S)
Batting: RHB Johnny Hood 0-0: Fly out, F9 (Flyball, 9S)
Batting: SHB Tony Yan 0-0: Called Strike
0-1: Ball
1-1: Called Strike
1-2: Ball
2-2: Strikes out swinging
Bottom of the 2nd over - 0 run(s), 0 hit(s), 0 error(s), 0 left on base; Alabama 2 - Penn State 0
TOP OF THE 3RD
Alabama Crimson Tide batting - Pitching for Penn State Nittany Lions : RHP Derrick Reynolds
Batting: RHB Eddie Howell 0-0: Ball
1-0: Ground out 6-3 (Groundball, 6)
Batting: LHB Mike Godfrey 0-0: Ball
1-0: Called Strike
1-1: Ball
2-1: Ground out 1-3 (Groundball, 15)
Batting: LHB Davey Davis 0-0: Fly out, F7 (Line Drive, 7M)
Top of the 3rd over - 0 run(s), 0 hit(s), 0 error(s), 0 left on base; Alabama 2 - Penn State 0
BOTTOM OF THE 3RD
Penn State Nittany Lions batting - Pitching for Alabama Crimson Tide : RHP Brad Small
Batting: RHB Mark Roy 0-0: Ball
1-0: Foul Ball, location: 2F
1-1: Called Strike
1-2: Strikes out swinging
Batting: SHB Jim Gibson 0-0: Ball
1-0: Ball
2-0: Foul Ball, location: 2F
2-1: Ball
3-1: Base on Balls
Batting: RHB Jeremiah Ward 0-0: Called Strike
0-1: Ball
1-1: Grounds into double play, 6-4-3 (Groundball, 6)
Bottom of the 3rd over - 0 run(s), 0 hit(s), 0 error(s), 0 left on base; Alabama 2 - Penn State 0
TOP OF THE 4TH
Alabama Crimson Tide batting - Pitching for Penn State Nittany Lions : RHP Derrick Reynolds
Batting: RHB Bob Johnson 0-0: Fly out, F9 (Flyball, 89S)
Batting: RHB Rob Mapp 0-0: Called Strike
0-1: Ball
1-1: Ground out 6-3 (Groundball, 6)
Batting: RHB Andrew O'Dell 0-0: Called Strike
0-1: Ground out 2-3 (Groundball, 23)
Top of the 4th over - 0 run(s), 0 hit(s), 0 error(s), 0 left on base; Alabama 2 - Penn State 0
BOTTOM OF THE 4TH
Penn State Nittany Lions batting - Pitching for Alabama Crimson Tide : RHP Brad Small
Batting: LHB Andrew Russell 0-0: Ball
1-0: Ball
2-0: Foul Ball, location: 2F
2-1: Foul Ball, location: 2F
2-2: Strikes out swinging
Batting: RHB Bob Cole 0-0: Called Strike
0-1: Swinging Strike
0-2: Strikes out swinging
Batting: RHB Tom Gordon 0-0: Called Strike
0-1: SINGLE (Line Drive, 34)
Batting: RHB Randy Jacobs 0-0: Ball
1-0: Called Strike
1-1: Ball
2-1: Ground out 4-3 (Groundball, 4)
Bottom of the 4th over - 0 run(s), 1 hit(s), 0 error(s), 1 left on base; Alabama 2 - Penn State 0
TOP OF THE 5TH
Alabama Crimson Tide batting - Pitching for Penn State Nittany Lions : RHP Derrick Reynolds
Batting: LHB Jorge Cuero 0-0: Foul Ball, location: 2F
0-1: Ball
1-1: Ball
2-1: Ground out 4-3 (Groundball, 4)
Batting: LHB Fred Abrams 0-0: Ball
1-0: Swinging Strike
1-1: Fly out, F8 (Flyball, 8LXD)
Batting: SHB Jorge Dávila 0-0: Foul Ball, location: 2F
0-1: Foul Ball, location: 2F
0-2: Foul Ball, location: 2F
0-2: Ball
1-2: Ball
2-2: Strikes out swinging
Top of the 5th over - 0 run(s), 0 hit(s), 0 error(s), 0 left on base; Alabama 2 - Penn State 0
BOTTOM OF THE 5TH
Penn State Nittany Lions batting - Pitching for Alabama Crimson Tide : RHP Brad Small
Batting: RHB Johnny Hood 0-0: Ball
1-0: Called Strike
1-1: Foul Ball, location: 2F
1-2: Ball
2-2: Strikes out looking
Batting: SHB Tony Yan 0-0: Ball
1-0: Foul Ball, location: 2F
1-1: Called Strike
1-2: Strikes out swinging
Batting: RHB Mark Roy 0-0: Foul Ball, location: 2F
0-1: Ball
1-1: Swinging Strike
1-2: Strikes out looking
Bottom of the 5th over - 0 run(s), 0 hit(s), 0 error(s), 0 left on base; Alabama 2 - Penn State 0
TOP OF THE 6TH
Alabama Crimson Tide batting - Pitching for Penn State Nittany Lions : RHP Derrick Reynolds
Batting: RHB Eddie Howell 0-0: Swinging Strike
0-1: Ball
1-1: Called Strike
1-2: SOLO HOME RUN (Flyball, 7LD), Distance : 324 ft
Batting: LHB Mike Godfrey Reached via error on a dropped throw, E1
Batting: LHB Davey Davis 0-0: Ball
1-0: Ball
2-0: Ball
3-0: Base on Balls
Mike Godfrey to second
Batting: RHB Bob Johnson 0-0: Foul Ball, location: 2F
0-1: Ball
1-1: Ball
2-1: Fly out, F7 (Flyball, 78M)
Batting: RHB Rob Mapp 0-0: Ball
1-0: Ball
2-0: Foul Ball, location: 2F
2-1: Foul Ball, location: 2F
2-2: Ball
3-2: Fly out, F2 (Popup, 2RF)
Batting: RHB Andrew O'Dell 0-0: Foul Ball, location: 2F
0-1: Swinging Strike
0-2: Ball
1-2: Strikes out swinging
Top of the 6th over - 1 run(s), 1 hit(s), 1 error(s), 2 left on base; Alabama 3 - Penn State 0
BOTTOM OF THE 6TH
Penn State Nittany Lions batting - Pitching for Alabama Crimson Tide : RHP Brad Small
Batting: SHB Jim Gibson 0-0: Called Strike
0-1: Ground out 4-3 (Groundball, 4M)
Batting: RHB Jeremiah Ward 0-0: Called Strike
0-1: Fly out, F6 (Popup, 56D)
Batting: LHB Andrew Russell 0-0: SINGLE (Groundball, 56D) (infield hit)
Batting: RHB Bob Cole 0-0: Ball
1-0: Called Strike
1-1: Ball
2-1: Called Strike
2-2: Strikes out swinging
Bottom of the 6th over - 0 run(s), 1 hit(s), 0 error(s), 1 left on base; Alabama 3 - Penn State 0
TOP OF THE 7TH
Alabama Crimson Tide batting - Pitching for Penn State Nittany Lions : RHP Derrick Reynolds
Batting: LHB Jorge Cuero 0-0: Called Strike
0-1: Foul Ball, location: 2F
0-2: Ball
1-2: Strikes out swinging
Batting: LHB Fred Abrams 0-0: DOUBLE (Flyball, 78M)
Batting: SHB Jorge Dávila 0-0: SINGLE (Flyball, 8RS)
Fred Abrams to third
Runner from 3rd tries for Home, SAFE, no throw or cutoff
Batting: RHB Eddie Howell 0-0: Ball
1-0: Ball
Jorge Dávila steals 2nd base
2-0: Ball
3-0: Called Strike
3-1: Fly out, F9 (Flyball, 9M)
Pitching: RHP Fernando Peńa
Batting: LHB Mike Godfrey 0-0: Ball
1-0: DOUBLE (Line Drive, 7LS)
Jorge Dávila scores
Batting: LHB Davey Davis 0-0: Ball
1-0: Ground out 3-1 (Groundball, 34)
Top of the 7th over - 2 run(s), 3 hit(s), 0 error(s), 1 left on base; Alabama 5 - Penn State 0
BOTTOM OF THE 7TH
Penn State Nittany Lions batting - Pitching for Alabama Crimson Tide : RHP Brad Small
Batting: RHB Tom Gordon 0-0: Ball
1-0: Fly out, F9 (Flyball, 89M)
Batting: RHB Randy Jacobs 0-0: Fly out, F9 (Flyball, 9M)
Batting: RHB Johnny Hood 0-0: Fly out, F8 (Flyball, 8RM)
Bottom of the 7th over - 0 run(s), 0 hit(s), 0 error(s), 0 left on base; Alabama 5 - Penn State 0
TOP OF THE 8TH
Alabama Crimson Tide batting - Pitching for Penn State Nittany Lions : RHP Fernando Peńa
Batting: RHB Bob Johnson 0-0: Ball
1-0: Ball
2-0: Ball
3-0: Base on Balls
Batting: RHB Rob Mapp 0-0: Foul Ball, location: 2F
0-1: Sac Bunt - play at second, runner OUT -> throw to first, DP!
Batting: RHB Andrew O'Dell 0-0: Ball
1-0: Fly out, F9 (Flyball, 89M)
Top of the 8th over - 0 run(s), 0 hit(s), 0 error(s), 0 left on base; Alabama 5 - Penn State 0
BOTTOM OF THE 8TH
Penn State Nittany Lions batting - Pitching for Alabama Crimson Tide : RHP Brad Small
Now at C: Wally Brandt
Batting: SHB Tony Yan 0-0: Ball
1-0: Swinging Strike
1-1: Ball
2-1: Called Strike
2-2: DOUBLE (Line Drive, 3L)
Batting: RHB Mark Roy 0-0: Ball
1-0: Swinging Strike
1-1: Foul Ball, location: 2F
1-2: Ball
2-2: Ball
3-2: Base on Balls
Pitching: LHP Earl Holliday
Batting: SHB Jim Gibson 0-0: Swinging Strike
0-1: Swinging Strike
0-2: Ball
1-2: 3-RUN HOME RUN (Flyball, 78XD), Distance : 370 ft
Batting: RHB Jeremiah Ward 0-0: Called Strike
0-1: Foul Ball, location: 2F
0-2: Ground out 6-3 (Groundball, 6M)
Batting: LHB Andrew Russell 0-0: Called Strike
0-1: Ball
1-1: Called Strike
1-2: Fly out, F8 (Flyball, 8LM)
Batting: RHB Bob Cole 0-0: Ball
1-0: Ball
2-0: Ball
3-0: Base on Balls
Pitching: RHP Ray Johnston
Batting: RHB Tom Gordon 0-0: Ball
1-0: Ball
2-0: Fly out, F8 (Flyball, 8LM)
Bottom of the 8th over - 3 run(s), 2 hit(s), 0 error(s), 1 left on base; Alabama 5 - Penn State 3
TOP OF THE 9TH
Alabama Crimson Tide batting - Pitching for Penn State Nittany Lions : RHP Fernando Peńa
Batting: LHB Jorge Cuero 0-0: SINGLE (Flyball, 7S)
Batting: LHB Fred Abrams 0-0: Called Strike
0-1: SINGLE (Groundball, 34D) (infield hit)
Jorge Cuero to second
Pitching: LHP Josh Hammond
Batting: SHB Jorge Dávila 0-0: Bunt missed!
0-1: Sac Bunt - play at first, batter OUT! 1-4
Jorge Cuero to third
Fred Abrams to second
Batting: RHB Eddie Howell 0-0: Ground out 4-3 (Groundball, 4M)
Batting: LHB Mike Godfrey 0-0: Called Strike
0-1: Ball
1-1: Fly out, F3 (Line Drive, 3)
Top of the 9th over - 0 run(s), 2 hit(s), 0 error(s), 2 left on base; Alabama 5 - Penn State 3
BOTTOM OF THE 9TH
Penn State Nittany Lions batting - Pitching for Alabama Crimson Tide : RHP Ray Johnston
Pitching: RHP Jesús Báez
Batting: RHB Randy Jacobs 0-0: Ground out 4-3 (Groundball, 4)
Batting: RHB Johnny Hood 0-0: Called Strike
0-1: Ball
1-1: Ball
2-1: Foul Ball, location: 2F
2-2: Ball
3-2: Foul Ball, location: 2F
3-2: Base on Balls
Batting: SHB Tony Yan 0-0: Swinging Strike
0-1: Ball
1-1: Ball
2-1: Swinging Strike
2-2: Ball
3-2: Base on Balls
Johnny Hood to second
Batting: RHB Mark Roy 0-0: Foul Ball, location: 2F
0-1: Called Strike
0-2: Ball
1-2: Ball
2-2: Strikes out looking
Batting: SHB Jim Gibson 0-0: Called Strike
0-1: Swinging Strike
0-2: Strikes out looking
Bottom of the 9th over - 0 run(s), 0 hit(s), 0 error(s), 2 left on base; Alabama 5 - Penn State 3
This league is powered by Out of the Park Baseball, the baseball management simulation game for PC, Mac and Linux
Saturday, April 9th, 2016 - OOTP Baseball 16.8 Build 38